 Dungeon Crawl Stone Soup version 0.20.1-1-g8b1a95d (webtiles) character file.

69754 equalderp2856 the Severer (level 14, -8/130 HPs)
             Began as a Minotaur Fighter on Sept 14, 2017.
             Killed from afar by a rime drake (21 damage)
             ... with a flash freeze
             ... on level 6 of the Lair of Beasts.
             The game lasted 01:27:27 (30473 turns).

equalderp2856 the Severer (Minotaur Fighter)       Turns: 30473, Time: 01:27:28

Health: -8/130     AC: 20    Str: 22    XL:     14   Next: 91%
Magic:  14/14      EV: 12    Int:  7    God:
Gold:   1721       SH: 14    Dex: 16    Spells: 12/13 levels left

rFire    . . .     SeeInvis .   a - +1 war axe (freeze)
rCold    . . .     Gourm    .   c - +0 shield
rNeg     . . .     Faith    .   T - +2 chain mail {MR+}
rPois    .         Spirit   .   (helmet restricted)
rElec    .         Reflect  .   w - +0 cloak
rCorr    .         Harm     .   l - +1 pair of gloves
MR       ++...                  O - +0 pair of boots
Stlth    ..........             (no amulet)
Regen    0.4/turn               Y - ring of flight
MPRegen  0.2/turn               G - +4 ring of dexterity

@: no status effects
A: retaliatory headbutt, horns 2
a: Evoke Flight


You were on level 6 of the Lair of Beasts.
You were hungry.

You visited 2 branches of the dungeon, and saw 18 of its levels.
You also visited: Labyrinth and Ice Cave.

You collected 1721 gold pieces.

Inventory:

Hand Weapons
 a - a +1 war axe of freezing (weapon)
 b - a +0 trident
 o - a +1 antimagic war axe
 p - a +2 battleaxe of freezing
Armour
 c - a +0 shield (worn)
 l - a +1 pair of gloves (worn)
 v - +0 steam dragon scales
 w - a +0 cloak (worn)
 O - a +0 pair of boots (worn)
 T - a +2 chain mail of magic resistance (worn)
 W - a +1 chain mail of fire resistance
Jewellery
 i - a +2 ring of evasion
 u - an uncursed amulet of magic regeneration {unknown}
 y - the ring of Qifosuri {Int+4 Stlth+}
   (You found it on level 6 of the Dungeon)

   [ring of stealth]

   It affects your intelligence (+4).
   It makes you more stealthy.
 G - a +4 ring of dexterity (right hand)
 Q - an uncursed ring of see invisible
 V - an uncursed ring of stealth
 Y - a ring of flight (left hand)
Wands
 A - a wand of polymorph (7/24)
 C - a wand of paralysis (0/24)
 D - a wand of digging (17/24)
 E - a wand of paralysis (0/24)
 H - a wand of acid (0/15)
 K - a wand of confusion (24/48)
 L - a wand of scattershot (0/9)
 M - a wand of disintegration (0/24)
 R - a wand of iceblast (10/15)
 U - a wand of lightning (11/15)
 X - a wand of paralysis (16/24)
Scrolls
 e - 2 scrolls of blinking
 g - 3 scrolls of enchant weapon
 j - 5 scrolls of remove curse
 m - 10 scrolls of identify
 F - 3 scrolls of recharging
 I - a scroll of magic mapping {unknown}
 J - a scroll of amnesia
Potions
 d - 4 potions of might
 h - a potion of cancellation {unknown}
 k - 5 potions of berserk rage
 q - a potion of magic
 r - 5 potions of curing
 s - 4 potions of flight
 t - 4 potions of agility
 x - 2 potions of mutation
 z - 2 potions of haste
 B - 4 potions of resistance
 N - a potion of invisibility {unknown}
 S - 2 potions of ambrosia
Books
 Z - a book of Cantrips

   Spells                             Type                      Level
   a - Confusing Touch                Hexes                        1
   b - Animate Skeleton               Necromancy                   1
   c - Summon Small Mammal            Summoning                    1
   d - Apportation                    Translocation                1
Comestibles
 f - 3 bread rations
 n - 7 royal jellies
 P - 4 meat rations


   Skills:
 + Level 13.9 Fighting
 + Level 17.1 Axes
 + Level 2.7(11.8) Polearms
 + Level 13.3 Armour
 + Level 6.0 Dodging
 + Level 3.4 Stealth
 + Level 15.6 Shields
 + Level 1.6 Evocations


You had 12 spell levels left.
You knew the following spells:

 Your Spells              Type           Power        Failure   Level  Hunger
a - Animate Skeleton      Necr           N/A          94%         1    ##.....


Dungeon Overview and Level Annotations

Branches:
Dungeon (12/15)            Temple (0/1) D:7            Lair (6/6) D:11
 Spider (0/4) Lair:2        Slime (0/5) Lair:6          Orc (0/2) D:11
  Swamp: Lair:2-4    Shoals: Lair:2-4

Altars:
Fedhas
Gozag
Hepliaklqana
Kikubaaqudgha
Ru
Vehumet
Jiyva

Shops:
D:4 %   D:8 (   D:10 %   D:12 =

Annotations:
Lair:1 exclusion: 3 oklob plants
Lair:6 Feta's ghost, journeyman FoFi


Innate Abilities, Weirdness & Mutations

You reflexively headbutt those who attack you in melee.
You have a pair of horns on your head.


Message History

You feel sick. The death yak gores you!
* * * LOW HITPOINT WARNING * * *
You block the elephant's attack. The elephant closely misses you.
You feel sick. You block the death yak's attack.
The elephant tramples you but does no damage.
You block the elephant's attack.
You feel sick. You block the elephant's attack. x2
Okay, then.
You feel sick. You block the death yak's attack.
You feel sick.
You feel sick.
You feel sick.
You feel better. The death yak misses you. You furiously retaliate!
You headbutt the death yak! The elephant tramples you!
* * * LOW HITPOINT WARNING * * *
You hold your ground!
You block the elephant's attack. The rime drake breathes ice at you.
The flash freeze hits you!
You die...

...../.PP####..P.....P........###
..P....###.##.P..............P#
.......###..†..P.....###......##
.............†.....####......#.##
................<..P####......#.P
..............#..#...P.†.........
....###....#%.####...............
..### ###..#....#.##.............
### #..#....@#..............#
#######.P..###.<..........##
#....##...YY.#.......(.....#
#.......#.................## ..
#......#k...............### ..
#........##..............# ..
#.....#..##..............## .k##
#####FY.###..............P##
.......#...#.P##................#


You could see 2 death yaks and a rime drake.

Vanquished Creatures
  Rupert (Lair:5)
  A frost giant (IceCv)
  The ghost of Chisa the Impaler, a journeyman MfFi of Cheibriados (Lair:6)
  The ghost of Chisa the Fencer, a journeyman DsFi of Gozag (Lair:6)
  Josephine (Lair:5)
  Snorg (D:9)
  A minotaur (Lab)
  The ghost of torrenera the Fighter, a journeyman GrEE of Vehumet (D:10)
  Harold (D:10)
  4 hydras
  A centaur warrior (D:12)
  4 two-headed ogres
  Sonja (Lair:1)
  Urug (Lair:4)
  The ghost of vatarom the Archer, a novice CeHu of Okawaru (D:6)
  2 unseen horrors
  Pikel (D:7)
  An ugly thing (D:11)
  6 elephants
  2 cyclopes
  Psyche (D:8)
  2 black mambas
  A torpor snail (Lair:6)
  2 ice statues (IceCv)
  13 spiny frogs
  5 rime drakes
  2 kobold demonologists (D:11)
  11 komodo dragons
  13 polar bears
  5 trolls
  A hornet (D:12)
  A queen bee (D:11)
  25 blink frogs
  10 hippogriffs
  5 dream sheep (Lair:6)
  Sigmund (D:5)
  52 yaks
  A shadow (D:11)
  4 wyverns
  6 wraiths
  A steam dragon (D:12)
  4 basilisks
  3 hungry ghosts
  A warg (Lair:6)
  A hell hound (Lair:6)
  11 water moccasins
  8 porcupines
  10 orc warriors
  2 ice beasts
  2 phantoms
  2 eyes of draining
  5 sky beasts
  A black bear (D:6)
  5 ogres
  A necrophage (D:10)
  43 wolves
  7 centaurs
  13 crocodiles
  Blork the orc (D:5)
  20 bullfrogs
  6 big kobolds
  7 scorpions
  A water moccasin skeleton (D:4)
  40 killer bees
  2 howler monkeys (D:8)
  3 wights (D:10)
  4 crimson imps
  2 centaur zombies (D:7)
  2 quasits (D:10)
  A bullfrog zombie (D:8)
  6 hounds
  5 jellies
  5 centaur skeletons
  2 bullfrog skeletons
  12 orc priests
  18 hell rats (Lair:5)
  6 iguanas
  24 orc wizards
  7 worker ants
  A hound zombie (D:6)
  A hound skeleton (D:7)
  4 gnolls (D:4)
  15 adders
  19 river rats
  3 shadow imps
  9 oozes (D:3)
  2 adder skeletons (D:6)
  An adder zombie (D:5)
  4 worms
  3 dart slugs
  10 leopard geckos
  51 orcs
  2 bats (D:2)
  10 giant cockroaches
  6 goblins
  5 hobgoblins
  3 jackals
  10 quokkas
  3 ball pythons
  4 frilled lizards
  39 kobolds
  A leopard gecko skeleton (D:6)
  A leopard gecko zombie (D:7)
  25 rats
  5 fungi
  6 plants
731 creatures vanquished.

Vanquished Creatures (others)
  3 slaves (D:7)
  A bullfrog (D:7)
  An orc wizard (D:7)
  A shadow imp (D:7)
  3 orcs (D:7)
  19 fungi
  22 plants
  6 toadstools (D:3)
56 creatures vanquished.

Grand Total: 787 creatures vanquished

Notes
Turn   | Place    | Note
-------+----------+-------------------------------------------
     0 | D:1      | equalderp2856 the Minotaur Fighter began the quest for the Orb.
     0 | D:1      | Reached XP level 1. HP: 19/19 MP: 0/0
   130 | D:1      | Reached XP level 2. HP: 24/27 MP: 1/1
   849 | D:2      | Reached XP level 3. HP: 33/33 MP: 2/2
   891 | D:2      | Reached skill level 3 in Axes
  1047 | D:2      | Reached XP level 4. HP: 26/41 MP: 3/3
  1167 | D:2      | Reached skill level 4 in Axes
  1500 | D:2      | Reached skill level 1 in Dodging
  1505 | D:3      | Reached XP level 5. HP: 47/47 MP: 4/4
  1585 | D:4      | Reached skill level 5 in Axes
  1591 | D:4      | Reached XP level 6. HP: 19/53 MP: 5/5
  1859 | D:4      | Found Siutzidd's Food Shop.
  1879 | D:4      | Reached skill level 5 in Armour
  1991 | D:4      | Reached skill level 6 in Axes
  2137 | D:4      | Reached XP level 7. HP: 54/60 MP: 6/6
  2274 | D:4      | Found an opulent altar of Gozag.
  2418 | D:3      | Reached skill level 5 in Shields
  3157 | D:5      | Entered Level 5 of the Dungeon
  3164 | D:5      | Reached skill level 7 in Axes
  3189 | D:5      | Reached skill level 5 in Fighting
  3306 | D:5      | Found an ancient bone altar of Kikubaaqudgha.
  3307 | D:5      | Found a radiant altar of Vehumet.
  3307 | D:5      | Found a hazy altar of Hepliaklqana.
  3333 | D:5      | Noticed Blork the orc
  3343 | D:5      | Killed Blork the orc
  3498 | D:5      | Noticed Sigmund
  3516 | D:5      | Killed Sigmund
  3516 | D:5      | Reached skill level 8 in Axes
  3516 | D:5      | Reached XP level 8. HP: 68/68 MP: 7/7
  3831 | D:6      | Noticed vatarom's ghost (novice CeHu)
  3852 | D:6      | Killed vatarom's ghost
  3852 | D:6      | Reached skill level 9 in Axes
  3871 | D:6      | Got a sparkling lapis lazuli ring
  3921 | D:6      | Found a blossoming altar of Fedhas.
  4118 | D:6      | Reached skill level 10 in Axes
  4118 | D:6      | Reached XP level 9. HP: 70/75 MP: 8/8
  5140 | D:7      | Reached skill level 11 in Axes
  5392 | D:7      | Found a staircase to the Ecumenical Temple.
  5432 | D:7      | Noticed Pikel
  5450 | D:7      | Killed Pikel
  5639 | D:7      | Noticed a two-headed ogre
  5649 | D:7      | Killed a two-headed ogre
  5649 | D:7      | Reached skill level 1 in Stealth
  5649 | D:7      | Reached XP level 10. HP: 86/86 MP: 9/9
  5903 | D:8      | Identified the ring of Qifosuri {Int+4 Stlth+} (You found it on level 6 of the Dungeon)
  5910 | D:8      | Reached skill level 12 in Axes
  5981 | D:8      | Found a sacrificial altar of Ru.
  7558 | D:8      | Found Zisefath's Antique Weapon Boutique.
  7672 | D:8      | Noticed Psyche
  7691 | D:8      | Killed Psyche
  7691 | D:8      | Reached skill level 10 in Shields
  7914 | D:8      | Noticed a two-headed ogre
  7927 | D:8      | Killed a two-headed ogre
  8236 | D:8      | Got an ichor-stained chain mail
  8247 | D:8      | Identified the cursed +1 chain mail of Heleyka {rPois Stlth+} (You found it on level 8 of the Dungeon)
  8380 | D:10     | Entered Level 10 of the Dungeon
  8440 | D:10     | Noticed Harold
  8454 | D:10     | Reached skill level 13 in Axes
  8454 | D:10     | Reached XP level 11. HP: 38/94 MP: 10/10
  8456 | D:10     | Killed Harold
  8695 | D:10     | Noticed torrenera's ghost (journeyman GrEE)
  8712 | D:11     | Noticed a brown ugly thing
  8712 | D:11     | Noticed a two-headed ogre
  8713 | D:11     | Found a labyrinth entrance.
  8737 | D:11     | Noticed a four-headed hydra
  8753 | D:11     | Found a staircase to the Lair.
  8761 | Lab      | Entered a labyrinth
 10469 | Lab      | Noticed a minotaur
 10479 | Lab      | Killed a minotaur
 10479 | Lab      | Reached skill level 1 in Evocations
 10801 | D:10     | Found Fuos's Food Boutique.
 10982 | D:10     | Killed a two-headed ogre
 11242 | D:10     | Killed torrenera's ghost
 11610 | D:10     | Noticed Snorg
 12166 | D:10     | Reached skill level 10 in Armour
 13175 | D:9      | Killed Snorg
 13362 | D:11     | Killed a brown ugly thing
 13643 | D:11     | Reached skill level 14 in Axes
 13750 | D:11     | Reached XP level 12. HP: 71/104 MP: 11/11
 13806 | D:11     | Found a staircase to the Orcish Mines.
 14159 | Lair:1   | Entered Level 1 of the Lair of Beasts
 14347 | Lair:1   | Reached skill level 10 in Fighting
 15042 | D:11     | Paralysed by fainting for 9 turns
 15054 | D:11     | Paralysed by fainting for 6 turns
 16152 | Lair:1   | Learned a level 1 spell: Animate Skeleton
 16467 | D:12     | Noticed a two-headed ogre
 16473 | D:12     | Killed a two-headed ogre
 16528 | D:12     | Paralysed by a hornet for 3 turns
 16626 | D:12     | Reached skill level 15 in Axes
 17032 | D:12     | Noticed a centaur warrior
 17041 | D:12     | Killed a centaur warrior
 17041 | D:12     | Reached XP level 13. HP: 108/116 MP: 12/12
 17282 | D:12     | Found Pouseeryext's Jewellery Emporium.
 17592 | Lair:2   | Found a hole to the Spider Nest.
 17701 | Lair:2   | Noticed Sonja
 17757 | Lair:1   | Killed Sonja
 19706 | Lair:3   | Reached skill level 5 in Dodging
 19718 | Lair:3   | Found a frozen archway.
 19737 | IceCv    | Entered an ice cave
 22726 | IceCv    | Reached skill level 16 in Axes
 23510 | IceCv    | Noticed a frost giant
 23527 | IceCv    | Killed a frost giant
 25223 | Lair:4   | Reached XP level 14. HP: 120/127 MP: 14/14
 25582 | Lair:5   | Noticed Josephine
 25652 | Lair:4   | Reached skill level 1 in Polearms
 25761 | Lair:5   | Killed Josephine
 25805 | Lair:5   | Noticed Urug
 26102 | Lair:4   | Killed Urug
 26294 | Lair:5   | Noticed Rupert
 27841 | Lair:5   | Reached skill level 15 in Shields
 28104 | Lair:5   | Paralysed by Rupert for 4 turns
 28122 | Lair:5   | Killed Rupert
 28555 | Lair:6   | Entered Level 6 of the Lair of Beasts
 28555 | Lair:6   | Noticed Chisa's ghost (journeyman MfFi)
 28886 | Lair:6   | Killed Chisa's ghost
 29406 | Lair:6   | Noticed Feta's ghost (journeyman FoFi)
 29624 | Lair:6   | Noticed Chisa's ghost (journeyman DsFi)
 30019 | Lair:6   | Reached skill level 17 in Axes
 30077 | Lair:6   | Found a staircase to the Slime Pits.
 30077 | Lair:6   | Found a viscous altar of Jiyva.
 30114 | Lair:6   | Killed Chisa's ghost
 30473 | Lair:6   | Killed from afar by a rime drake

Skill      XL: |  1  2  3  4  5  6  7  8  9 10 11 12 13 14 |
---------------+-------------------------------------------+-----
Armour         | 4 5 6 7 8 10 11 12 13 | 13.3
Fighting       | 4 5 7 8 9 11 12 13 | 13.9
Axes           | 3 4 5 6 8 10 11 13 14 15 16 17 | 17.1
Dodging        | 1 2 4 5 6 |  6.0
Shields        | 4 6 7 9 10 11 13 14 15 | 15.6
Stealth        | 1 2 3 |  3.4
Evocations     | 1 |  1.6
Polearms       | 2 |  2.7

Action                   |  1- 3 |  4- 6 |  7- 9 | 10-12 | 13-15 || total
-------------------------+-------+-------+-------+-------+-------++-------
Melee: War axe           |    75 |   122 |   368 |   814 |   988 ||  2367
       Headbutt          |    16 |    19 |    67 |   184 |   292 ||   578
       Trident           |       |       |       |     3 |    32 ||    35
 Abil: Evoke Flight      |       |       |       |       |     1 ||     1
Evoke: Wand              |       |       |     1 |    10 |    20 ||    31
  Use: Scroll            |     4 |     5 |       |    18 |     4 ||    31
       Potion            |       |     2 |     1 |     4 |     9 ||    16
 Stab: Paralysed         |       |       |     3 |     5 |     9 ||    17
       Confused          |       |       |       |       |     5 ||     5
  Eat: Chunk             |       |     4 |    10 |    15 |    31 ||    60
       Royal jelly       |       |       |       |     4 |     6 ||    10
       Fruit             |       |       |       |     3 |       ||     3
       Bread ration      |       |       |       |     4 |       ||     4
Armor: Scale mail        |    25 |    26 |       |       |       ||    51
       Chain mail        |       |    53 |    53 |   388 |   453 ||   947
       Plate armour      |       |       |   120 |    98 |       ||   218
Dodge: Dodged            |    26 |    33 |    88 |   365 |   420 ||   932
Block: Shield            |    38 |    84 |   218 |   638 |   730 ||  1708
